 Dungeon Crawl Stone Soup version 0.25.0-10-g039870ee82 (webtiles) character file.

Game seed: 1281387135347970121

26 shadizar the Insei (level 3, 0/25 HPs)
             Began as an Octopode Transmuter on June 23, 2020.
             Slain by an adder (2 damage)
             ... on level 2 of the Dungeon.
             The game lasted 00:00:45 (977 turns).

shadizar the Insei (Octopode Transmuter)             Turns: 977, Time: 00:00:49

Health: 0/25       AC:  1    Str:  9    XL:     3   Next: 8%
Magic:  6/6        EV: 13    Int: 15    God:
Gold:   24         SH:  0    Dex: 13    Spells: 5/6 levels left

rFire    . . .     SeeInvis .     - Unarmed
rCold    . . .     Gourm    .   (no shield)
rNeg     . . .     Faith    .   (helmet restricted)
rPois    .         Spirit   .   (no amulet)
rElec    .         Reflect  .   b - ring of stealth
rCorr    .         Harm     .   (no ring)
MR       .....                  (no ring)
Stlth    +++.......             (no ring)
HPRegen  0.08/turn              (no ring)
MPRegen  0.10/turn              (no ring)
                                (no ring)
                                (no ring)

@: lethally poisoned (0 -> -6)
A: almost no armour, stealthy swim, amphibious, 8 rings, constrict 8, camouflage
1, gelatinous body 1
a: no special abilities


You were on level 2 of the Dungeon.
You were not hungry.

You visited 1 branch of the dungeon, and saw 2 of its levels.

You collected 24 gold pieces.

Inventory:

Missiles
 a - 12 arrows
Jewellery
 b - a ring of stealth (left tentacle)
Scrolls
 d - a scroll of immolation {unknown}
 e - a scroll of enchant armour {unknown}
 f - a scroll of fear {unknown}
Potions
 g - a potion of lignification {unknown}
 i - a potion of curing {unknown}
 j - a potion of flight {unknown}
Comestibles
 c - 2 rations
 h - 3 chunks of flesh


   Skills:
 + Level 2.9 Fighting
 - Level 2.0 Dodging
 - Level 3.0 Unarmed Combat
 - Level 2.0 Spellcasting
 - Level 2.0 Transmutations


You had 5 spell levels left.
You knew the following spells:

 Your Spells              Type           Power        Failure   Level  Hunger
a - Beastly Appendage     Tmut           #.....       10%         1    #......

Your spell library contained the following spells:

 Spells                   Type           Power        Failure   Level  Hunger
 Sticks to Snakes         Tmut           #.......     14%         2    ###....
 Spider Form              Tmut/Pois      #.........   41%         3    ###....
 Ice Form                 Ice/Tmut       #.......     82%         4    #####..
 Blade Hands              Tmut           #.........   95%         5    ######.


Dungeon Overview and Level Annotations

Branches:
Dungeon (2/15)

Altars:
Qazlal


Innate Abilities, Weirdness & Mutations

You cannot wear most types of armour.
You are very stealthy in the water. (Stealth+)
You are amphibious.
You can wear up to eight rings at the same time.
You can use your tentacles to constrict eight enemies at once.
Your skin changes colour to match your surroundings (Stealth+).
Your rubbery body absorbs attacks. (AC +1, EV +1)


Message History

The adder is heavily wounded.
You constrict the adder. The goblin closely misses you.
The adder closely misses you. The goblin hits you with a +0 club.
Some of the chunks of flesh in your inventory have rotted away.
You tentacle-slap the adder.
The adder is severely wounded.
You constrict the adder. The adder bites you.
You are poisoned.
The adder poisons you! The goblin hits you with a +0 dagger.
You are too injured to fight recklessly!
You are too injured to fight recklessly!
You are too injured to fight recklessly!
You release your grip on the adder.
You feel sick. The goblin hits you with a +0 club.
* * * LOW HITPOINT WARNING * * *
The goblin hits you with a +0 dagger.
* * * LOW HITPOINT WARNING * * *
A hobgoblin comes into view. It is wielding a -2 club.
The adder bites you.
You die...

⌠.≈#.≈..########
######## §≈ +....#
#.. .. ###≈#....#
#.. #.. §≈§≈≈....#
#.. ...
.§§§.....####.#
#.##
..≈§.......##.#
#...
.....##....##.##..#
..... #....##.#g.#
..... #.....†.@S#
.%. #....#..#gg#
... #....##.##..#
#....##.# #...
#........# #.##
#.#####... ... #.
#### ### #


You could see an adder, a hobgoblin (wandering) and 2 goblins.

Vanquished Creatures
  3 dart slugs
  3 bats
  A giant cockroach (D:1)
  3 goblins
  3 hobgoblins
  A frilled lizard (D:1)
  3 kobolds (D:1)
  2 rats
19 creatures vanquished.

Notes
Turn   | Place    | Note
-------+----------+-------------------------------------------
     0 | D:1      | shadizar the Octopode Transmuter began the quest for the
                  | Orb.
     0 | D:1      | Reached XP level 1. HP: 13/13 MP: 3/3
   320 | D:1      | Reached XP level 2. HP: 15/19 MP: 5/5
   951 | D:2      | Found a stormy altar of Qazlal.
   966 | D:2      | Reached XP level 3. HP: 25/25 MP: 6/6
   977 | D:2      | Slain by an adder

Illustrated notes

Levels and vault maps discovered:
D:1:      grunt_arrival_lava_bath, layout_basic
D:2:      layout_basic, dancing_weapons_uskayaw,
          nicolae_qazlal_general_emergency, lemuel_crystal_altar,
          lightli_temple_of_fire, first_ration, minmay_nonomino_d4,
          uniq_crazy_yiuf_cottage, uniq_natasha

Skill      XL: |  1 |
---------------+----+-----
Fighting       | 2 |  2.9
Dodging        | |  2.0
Unarmed Combat | |  3.0
Spellcasting   | |  2.0
Transmutations | |  2.0

Action                   || total
-------------------------++-------
Melee: Unarmed           ||    51
       Constrict         ||    16
       Tentacles         ||     6
 Stab: Sleeping          ||     4
Armor: Skin              ||     9
Dodge: Dodged            ||    29
